 Dungeon Crawl Stone Soup version 0.19.0-9-gfd783f2 (webtiles) character file.

29 mistymad the Ruffian (level 3, -5/31 HPs)
             Began as a Naga Transmuter on Nov 7, 2016.
             Slain by Sigmund
             ... wielding a +0 scythe
              (6 damage)
             ... on level 2 of the Dungeon.
             The game lasted 00:02:51 (1263 turns).

mistymad the Ruffian (Naga Transmuter)              Turns: 1263, Time: 00:02:51

Health: -5/31      AC:  2    Str: 12    XL:     3   Next: 16%
Magic:  1/6        EV: 19    Int: 14    God:
Gold:   49         SH:  0    Dex: 16    Spells: 3 memorised, 1 level left

rFire  . . .     SeeInvis +       - Unarmed
rCold  . . .     Gourm    .     (armour currently unavailable)
rNeg   . . .     Faith    .     (shield currently unavailable)
rPois  x         Spirit   .     (helmet currently unavailable)
rElec  .         Reflect  .     (cloak currently unavailable)
rCorr  .         Harm     .     (gloves currently unavailable)
MR     .....                    (no barding)
Stlth  +.........               (no amulet)
                                (no ring)
                                (no ring)

@: short of breath, spider-form (expiring)
A: see invisible, (deformed body), (poison resistance), (slowness 0), slow
metabolism 1, spit poison 1, AC +1
a: Spit Poison, End Transformation


You were on level 2 of the Dungeon.
You were not hungry.
You were a venomous arachnid creature.
You visited 1 branch of the dungeon, and saw 2 of its levels.

You collected 49 gold pieces.

Inventory:

Missiles
 a - 42 arrows
Armour
 b - a +0 robe (melded)
Scrolls
 g - 2 scrolls of identify {unknown}
 k - a scroll of blinking {unknown}
 l - a scroll of random uselessness {unknown}
 n - a scroll of noise {unknown}
Potions
 e - 2 potions of brilliance {unknown}
 f - a potion of haste {unknown}
 i - 2 potions of invisibility {unknown}
 m - 2 potions of curing {unknown}
Books
 c - a book of Changes

   Spells                             Type                      Level
   a - Beastly Appendage              Transmutation                1
   b - Sticks to Snakes               Transmutation                2
   c - Spider Form                    Transmutation/Poison         3
   d - Ice Form                       Ice/Transmutation            4
   e - Blade Hands                    Transmutation                5
Comestibles
 d - a bread ration
 h - a meat ration
 j - 2 chunks of flesh


   Skills:
 - Level 1.0 Fighting
 - Level 1.5 Dodging
 + Level 3.4 Unarmed Combat
 + Level 2.5 Spellcasting
 + Level 2.4 Transmutations


You had one spell level left.
You knew the following spells:

 Your Spells              Type           Power        Failure   Level  Hunger
a - Beastly Appendage     Tmut           #.....       24%         1    #......
b - Sticks to Snakes      Tmut           #.......     32%         2    ###....
c - Spider Form           Tmut/Pois      #.........   69%         3    ###....


Dungeon Overview and Level Annotations

Branches:
Dungeon (2/15)

Altars:

Annotations:
D:2 Sigmund


Innate Abilities, Weirdness & Mutations

You cannot wear boots.
((Your serpentine skin is tough. (AC +1)))
You have supernaturally acute eyesight. (SInv)
((Armour fits poorly on your strangely shaped body.))
((Your system is resistant to poisons. (rPois)))
((You cover ground very slowly.))
You have a slow metabolism.
You can spit poison.


Message History

Unknown command.
You hit Sigmund.
Sigmund looks as sick as possible!
Sigmund is heavily wounded.
The frilled lizard barely misses you.
Press: ? - help, Shift-Dir - straight line, f - frilled lizard
Aim: a frilled lizard The splash of poison misses the frilled lizard.
You feel slightly more hungry.
Your transformation has ended.
Your +0 robe unmelds from your body.
The frilled lizard bites you.
* * * LOW HITPOINT WARNING * * *
Sigmund hits you with a scythe.
* * * LOW HITPOINT WARNING * * *
You take 7 damage, and have 1/31 hp.
MASSIVE DAMAGE!!
Casting: Spider Form
Confirm with . or Enter, or press ? or * to list all spells.
You turn into a venomous arachnid creature.
Your +0 robe melds into your body.
The frilled lizard closely misses you. Sigmund hits you with a scythe.
You die...

#.#...........................
#....................#..##.#..
##...................##..##....
#....)................#..#....#
#..............##.####...##.##..
............[.............##.
##.
.............<..##...........# .
.##..........#.l.###.....#.### #
#..........##.#s....#.......
.....####.#.##...@.###.........
#.).. ............# ##.#.......
## #..###.#...$ #......... ##
.........##....>.. ...........
.#......... ..#. ......#


You could see Sigmund and a frilled lizard.

Vanquished Creatures
  A dart slug (D:1)
  2 giant cockroaches
  3 goblins
  3 hobgoblins
  7 kobolds
  5 bats
  A frilled lizard (D:1)
  2 rats (D:1)
24 creatures vanquished.

Notes
Turn   | Place    | Note
-------+----------+-------------------------------------------
     0 | D:1      | mistymad the Naga Transmuter began the quest for the Orb.
     0 | D:1      | Reached XP level 1. HP: 18/18 MP: 3/3
   217 | D:1      | Reached XP level 2. HP: 12/25 MP: 3/5
   949 | D:1      | You fall through a shaft!
  1049 | D:2      | Reached XP level 3. HP: 23/31 MP: 4/6
  1239 | D:2      | Noticed Sigmund
  1246 | D:1      | Learned a level 2 spell: Sticks to Snakes
  1250 | D:1      | Learned a level 3 spell: Spider Form
  1262 | D:2      | HP: 1/31 [Sigmund/scythe (6)]
  1263 | D:2      | Slain by Sigmund

Action                   || total
-------------------------++-------
Melee: Unarmed           ||    45
       Headbutt          ||     4
 Cast: Beastly Appendage ||    10
       Spider Form       ||     2
 Abil: Spit Poison       ||    21
  Eat: Chunk             ||     2
Armor: Robe              ||     7
Dodge: Dodged            ||    28
